 Dungeon Crawl Stone Soup version 0.27.0-1-g7a089689b8 (webtiles) character file.

Game seed: 6666003975338604115

3948 BOMJPIETVODKU the Magician (level 10, -5/74 HPs)
             Began as a Gnoll Earth Elementalist on Aug 3, 2021.
             Was an Initiate of Cheibriados.
             Slain by a komodo dragon (23 damage)
             ... on level 8 of the Dungeon on Aug 4, 2021.
             The game lasted 00:31:12 (10546 turns).

BOMJPIETVODKU the Magician (GnEE)                  Turns: 10546, Time: 00:31:12

Health: -5/74      AC: 15    Str:  9    XL:     10   Next: 21%
Magic:  21/29      EV: 12    Int: 19    God:    Cheibriados [......]
Gold:   1001       SH:  0    Dex: 13    Spells: 15/23 levels left

rFire    + . .     SeeInvis .   a - +7 rapier (spect)
rCold    + . .     Faith    .   (no shield)
rNeg     . . .     Spirit   .   e - +0 swamp dragon scales
rPois    +         Reflect  .   d - +0 helmet
rElec    .         Harm     .   H - scarf {rC+ rF+}
rCorr    .         Rampage  .   n - +1 pair of gloves
Will     .....                  o - +2 pair of boots
Stlth    +++.......             (no amulet)
HPRegen  0.22/turn              G - ring of magical power
MPRegen  0.21/turn              (no ring)

@: mighty, very slow
A: fangs 1, strong nose, distributed training
a: Renounce Religion, Bend Time


You were on level 8 of the Dungeon.
You worshipped Cheibriados.
Cheibriados was noncommittal.
You visited 2 branches of the dungeon, and saw 9 of its levels.
You also visited: Ossuary.

You collected 1280 gold pieces.
You spent 279 gold pieces at shops.

Inventory:

Hand Weapons
 a - a +7 spectral rapier (weapon)
 s - a +2 short sword of holy wrath
Missiles
 f - 27 poisoned darts
 y - 90 stones
Armour
 d - a +0 helmet (worn)
 e - +0 swamp dragon scales (worn)
 g - a +0 leather armour of fire resistance
 n - a +1 pair of gloves (worn)
 o - a +2 pair of boots (worn)
 w - a +0 kite shield
 H - a scarf of resistance (worn)
Jewellery
 B - a ring of flight
 G - a ring of magical power (left hand)
Wands
 h - a wand of paralysis (5)
 q - a wand of iceblast (14)
 r - a wand of polymorph (5)
Scrolls
 i - a scroll of noise
 j - 2 scrolls of amnesia
 k - 3 scrolls of teleportation
 t - a scroll of enchant weapon
 u - 2 scrolls of brand weapon
 v - 2 scrolls of fear
 x - 3 scrolls of fog
Potions
 c - 3 potions of flight
 l - a potion of might
 m - 4 potions of haste
 p - 2 potions of cancellation
 D - a potion of brilliance
 E - a potion of mutation


   Skills:
 + Level 5.0 Fighting
 + Level 5.0 Short Blades
 + Level 5.0 Long Blades
 + Level 5.0 Axes
 + Level 5.0 Maces & Flails
 + Level 5.0 Polearms
 + Level 5.0 Staves
 + Level 5.0 Slings
 + Level 5.0 Bows
 + Level 5.0 Crossbows
 + Level 5.0 Throwing
 + Level 5.0 Armour
 + Level 6.9 Dodging
 + Level 6.6 Stealth
 + Level 5.0 Shields
 + Level 5.0 Unarmed Combat
 + Level 7.2 Spellcasting
 + Level 4.2 Conjurations
 + Level 4.2 Hexes
 + Level 4.2 Summonings
 + Level 4.2 Necromancy
 + Level 4.2 Translocations
 + Level 4.7 Transmutations
 + Level 4.2 Fire Magic
 + Level 4.2 Ice Magic
 + Level 4.2 Air Magic
 + Level 7.0 Earth Magic
 + Level 4.2 Poison Magic
 + Level 5.5 Invocations
 + Level 5.0 Evocations


You had 15 spell levels left.
You knew the following spells:

 Your Spells              Type           Power      Damage    Failure   Level
a - Sandblast             Erth           66%        2d15      1%          1
b - Stone Arrow           Conj/Erth      56%        3d10      8%          3
c - Passwall              Tmut/Erth      24%        N/A       3%          2
d - Blink                 Tloc           N/A        N/A       7%          2

Your spell library contained the following spells:

 Spells                   Type           Power      Damage    Failure   Level
 Animate Skeleton         Necr           44%        N/A       4%          1
 Pain                     Necr           88%        1d8       4%          1
 Lesser Beckoning         Tloc           11%        N/A       13%         3
 Vampiric Draining        Necr           11%        2d7       13%         3
 Petrify                  Tmut/Erth      29%        N/A       22%         4
 Manifold Assault         Tloc           22%        N/A       77%         5


Dungeon Overview and Level Annotations

Branches:
Dungeon (8/15)             Temple (1/1) D:7         Ossuary (visited)
   Lair: D:8-11

Altars:
Ashenzari
Cheibriados
Dithmenos
Elyvilon
Fedhas
Gozag
Kikubaaqudgha
Okawaru
Trog
Vehumet
Xom
Zin

Shops:
D:1 !   D:3 (   D:5 !


Innate Abilities, Weirdness & Mutations

You have very sharp teeth.
Your uncanny sense of smell can sniff out nearby items.
Your experience applies equally to all skills.


Message History

The komodo dragon bites you!!
The orc warrior hits you but does no damage.
The stone arrow hits the komodo dragon.
The komodo dragon is moderately wounded.
The komodo dragon bites you!
The orc warrior hits you from afar with a +0 glaive!
You are too injured to fight recklessly!
The komodo dragon bites you.
Your magical contamination has completely faded away.
An orc wizard comes into view. It is wielding a +0 dagger.
The orc warrior hits you from afar with a +0 glaive!
* * * LOW HITPOINT WARNING * * *
The komodo dragon closely misses you.
The orc wizard casts a spell.
The orc wizard flickers and vanishes!
Deactivating autopickup; reactivate with Ctrl-A.
The komodo dragon closely misses you. The flow of time bends around you.
Cheibriados rebukes the komodo dragon.
The komodo dragon seems to slow down.
You feel very mighty all of a sudden. The komodo dragon bites you.
* * * LOW HITPOINT WARNING * * *
The orc warrior hits you from afar with a +0 glaive.
* * * LOW HITPOINT WARNING * * *
You feel much better.
The orc warrior hits you from afar with a +0 glaive!
The komodo dragon bites you.
You puncture the komodo dragon! You bite the komodo dragon!
The komodo dragon is severely wounded.
The orc warrior barely misses you.
You puncture the komodo dragon!
The komodo dragon is almost dead.
The komodo dragon closely misses you.
The orc warrior hits you from afar with a +0 glaive!
* * * LOW HITPOINT WARNING * * *
You closely miss the komodo dragon.
The komodo dragon is almost dead.
The komodo dragon bites you!!
You die...

##.........## #.# ##..........#
#.# .......###### ### ###
##...>.# #.######### ##.....#
###.........# .......# #####
#.....###.....
######.#####...#####o.###.##.#...
#........###loo### #########
#.#######..@#### #.# ##### #.#
### ∆


You could see a komodo dragon (slow), an orc warrior, an orc wizard and an orc.

Vanquished Creatures
  Maggie (D:8)
  An unseen horror (D:5)
  Eustachio (D:4)
  A basilisk (D:8)
  A water moccasin (D:7)
  2 black bears
  2 orc warriors
  2 ice beasts
  5 ogres
  A sky beast (D:6)
  A necrophage (D:6)
  3 centaurs
  2 phantoms (D:6)
  3 kobold brigands
  2 bullfrogs (D:6)
  A gnoll sergeant (D:6)
  3 scorpions
  A wyvern zombie (D:7)
  A water moccasin zombie (D:5)
  A howler monkey (D:8)
  A crimson imp (D:5)
  A hound (D:6)
  A jelly (D:3)
  A gnoll shaman (D:7)
  An orc priest (D:6)
  Crazy Yiuf (D:3)
  4 iguanas
  Ijyb (D:4)
  Natasha (thrice) (D:2)
  2 orc wizards (D:6)
  A hound zombie (D:5)
  3 mummies (Ossuary)
  Robin (D:2)
  5 gnolls (D:7)
  10 adders
  A white imp (D:5)
  2 ufetubi
  4 adder zombies (Ossuary)
  2 worms (D:2)
  A dart slug (D:2)
  16 orcs
  4 endoplasms
  3 giant cockroaches
  A gnoll zombie (Ossuary)
  13 goblins
  6 hobgoblins
  6 jackals
  2 quokkas
  5 ball pythons
  6 bats
  5 frilled lizards
  2 goblin zombies (Ossuary)
  2 hobgoblin zombies (Ossuary)
  14 kobolds
  5 quokka zombies (Ossuary)
  3 rats
  4 rat zombies (Ossuary)
178 creatures vanquished.

Vanquished Creatures (others)
  20 plants (D:2)
20 creatures vanquished.

Grand Total: 198 creatures vanquished

Notes
Turn   | Place    | Note
-------+----------+-------------------------------------------
     0 | D:1      | BOMJPIETVODKU the Gnoll Earth Elementalist began the quest
                  | for the Orb.
     0 | D:1      | Reached XP level 1. HP: 13/13 MP: 6/6
   286 | D:1      | Found Qityil's Distillery.
   296 | D:1      | Bought a potion of curing for 42 gold pieces
   414 | D:1      | Reached XP level 2. HP: 19/19 MP: 4/7
  1086 | D:2      | Noticed Robin
  1154 | D:1      | Reached XP level 3. HP: 4/25 MP: 6/9
  1425 | D:1      | Reached skill level 5 in Spellcasting
  1737 | D:2      | Killed Robin
  1738 | D:2      | Reached skill level 1 in Invocations
  1785 | D:2      | Noticed Natasha
  2140 | D:1      | Bought a potion of flight for 42 gold pieces
  2164 | D:1      | Learned a level 3 spell: Stone Arrow
  2187 | D:2      | Learned a level 2 spell: Passwall
  2631 | D:2      | Reached skill level 1 in Fighting
  2631 | D:2      | Reached skill level 1 in Short Blades
  2631 | D:2      | Reached skill level 1 in Long Blades
  2631 | D:2      | Reached skill level 1 in Axes
  2631 | D:2      | Reached skill level 1 in Maces & Flails
  2631 | D:2      | Reached skill level 1 in Polearms
  2631 | D:2      | Reached skill level 1 in Staves
  2631 | D:2      | Reached skill level 1 in Slings
  2631 | D:2      | Reached skill level 1 in Bows
  2631 | D:2      | Reached skill level 1 in Crossbows
  2631 | D:2      | Reached skill level 1 in Throwing
  2631 | D:2      | Reached skill level 1 in Armour
  2631 | D:2      | Reached skill level 1 in Shields
  2631 | D:2      | Reached skill level 1 in Unarmed Combat
  2631 | D:2      | Reached skill level 1 in Evocations
  2631 | D:2      | Reached XP level 4. HP: 32/32 MP: 11/11
  3329 | D:2      | Reached skill level 1 in Conjurations
  3329 | D:2      | Reached skill level 1 in Hexes
  3329 | D:2      | Reached skill level 1 in Summonings
  3329 | D:2      | Reached skill level 1 in Necromancy
  3329 | D:2      | Reached skill level 1 in Translocations
  3329 | D:2      | Reached skill level 1 in Fire Magic
  3329 | D:2      | Reached skill level 1 in Ice Magic
  3329 | D:2      | Reached skill level 1 in Air Magic
  3329 | D:2      | Reached skill level 1 in Poison Magic
  3515 | D:2      | Killed Natasha
  3516 | D:2      | Reached XP level 5. HP: 34/37 MP: 8/12
  3618 | D:2      | Noticed Natasha
  3622 | D:2      | Killed Natasha
  3757 | D:2      | Noticed Natasha
  3764 | D:2      | Killed Natasha
  4632 | D:3      | Found Qonliwka's Antique Weapon Boutique.
  4634 | D:3      | Reached XP level 6. HP: 44/44 MP: 9/13
  4680 | D:3      | Found a runed translucent door.
  4681 | D:3      | Noticed Crazy Yiuf
  4688 | D:3      | Killed Crazy Yiuf
  4747 | D:3      | Reached skill level 5 in Dodging
  4883 | D:4      | Noticed Eustachio
  4893 | D:4      | Killed Eustachio
  4894 | D:4      | Reached XP level 7. HP: 31/50 MP: 2/15
  4904 | D:4      | Found a sand-covered staircase.
  4911 | Ossuary  | Entered an ossuary
  5210 | D:4      | Learned a level 2 spell: Blink
  5310 | D:4      | Found a shadowy altar of Dithmenos.
  5324 | D:4      | Noticed Ijyb
  5327 | D:4      | Killed Ijyb
  5645 | D:5      | Entered Level 5 of the Dungeon
  5903 | D:5      | Reached skill level 5 in Stealth
  6041 | D:5      | Reached XP level 8. HP: 43/57 MP: 16/16
  6164 | D:5      | Found Xatruom's Distillery.
  6171 | D:5      | Bought a potion of heal wounds for 75 gold pieces
  6171 | D:5      | Bought a potion of might for 60 gold pieces
  7467 | D:6      | Reached XP level 9. HP: 65/65 MP: 2/18
  7677 | D:6      | HP: 3/65 [something (7)]
  7680 | D:6      | HP: 1/65 [something (2)]
  7696 | D:5      | Killed an unseen horror
  8064 | D:5      | Bought a potion of might for 60 gold pieces
  8335 | D:6      | Reached skill level 5 in Invocations
  9091 | D:7      | Found a staircase to the Ecumenical Temple.
  9100 | Temple   | Entered the Ecumenical Temple
  9115 | Temple   | Became a worshipper of Cheibriados the Contemplative
  9166 | D:7      | Reached XP level 10. HP: 73/73 MP: 20/20
 10140 | D:8      | Identified a scroll of acquirement
 10140 | D:8      | Acquired 805 gold pieces
 10238 | D:8      | Reached skill level 5 in Fighting
 10238 | D:8      | Reached skill level 5 in Short Blades
 10238 | D:8      | Reached skill level 5 in Long Blades
 10238 | D:8      | Reached skill level 5 in Axes
 10238 | D:8      | Reached skill level 5 in Maces & Flails
 10238 | D:8      | Reached skill level 5 in Polearms
 10238 | D:8      | Reached skill level 5 in Staves
 10238 | D:8      | Reached skill level 5 in Slings
 10238 | D:8      | Reached skill level 5 in Bows
 10238 | D:8      | Reached skill level 5 in Crossbows
 10238 | D:8      | Reached skill level 5 in Throwing
 10238 | D:8      | Reached skill level 5 in Armour
 10238 | D:8      | Reached skill level 5 in Shields
 10238 | D:8      | Reached skill level 5 in Unarmed Combat
 10238 | D:8      | Reached skill level 5 in Evocations
 10289 | D:8      | Noticed Maggie
 10297 | D:8      | Killed Maggie
 10546 | D:8      | Slain by a komodo dragon

Illustrated notes

Levels and vault maps discovered:
D:1:      evilmike_arrival_plus, layout_basic, serial_shops, shop,
          minmay_statues_item
D:2:      layout_loops_ring, serial_bayou, serial_bayou_ford_a,
          serial_bayou_pond_d, serial_bayou_pond_c, serial_bayou_shore_b,
          uniq_robin, uniq_natasha
D:3:      layout_loops_cross, serial_shops, nicolae_shop_trees,
          uniq_crazy_yiuf_cottage
D:4:      layout_gridville, mainiacjoe_overflow_cross_hatched,
          lightli_ossuary_entry_decrepit_ruins, uniq_eustachio, uniq_ijyb
D:5:      minmay_general_purpose_star, layout_basic, serial_shops, shop,
          minmay_fire_ice_demons
D:6:      cheibrodos_barr_body, layout_rooms, minmay_unpleasant_kobolds
D:7:      layout_rooms, temple_statues, serial_glass, glass_columns_b,
          glass_columns_b, item_on_display_a, due_unseen_surprise,
          item_on_display_a
D:8:      layout_loops_ring, erik_lair_dragon, uniq_maggie
Temple:   nicolae_temple_the_god_donut

Skill      XL: |  1  2  3  4  5  6  7  8  9 10 |
---------------+-------------------------------+-----
Transmutations | 2 3 4 |  4.7
Spellcasting   | 5 6 7 |  7.2
Invocations    | 1 2 3 4 5 |  5.5
Fighting       | 1 2 3 4 5 |  5.0
Short Blades   | 1 2 3 4 5 |  5.0
Long Blades    | 1 2 3 4 5 |  5.0
Axes           | 1 2 3 4 5 |  5.0
Maces & Flails | 1 2 3 4 5 |  5.0
Polearms       | 1 2 3 4 5 |  5.0
Staves         | 1 2 3 4 5 |  5.0
Slings         | 1 2 3 4 5 |  5.0
Bows           | 1 2 3 4 5 |  5.0
Crossbows      | 1 2 3 4 5 |  5.0
Throwing       | 1 2 3 4 5 |  5.0
Armour         | 1 2 3 4 5 |  5.0
Shields        | 1 2 3 4 5 |  5.0
Unarmed Combat | 1 2 3 4 5 |  5.0
Evocations     | 1 2 3 4 5 |  5.0
Conjurations   | 1 2 3 4 |  4.2
Hexes          | 1 2 3 4 |  4.2
Summonings     | 1 2 3 4 |  4.2
Necromancy     | 1 2 3 4 |  4.2
Translocations | 1 2 3 4 |  4.2
Fire Magic     | 1 2 3 4 |  4.2
Ice Magic      | 1 2 3 4 |  4.2
Air Magic      | 1 2 3 4 |  4.2
Poison Magic   | 1 2 3 4 |  4.2
Dodging        | 5 6 |  6.9
Stealth        | 5 6 |  6.6
Earth Magic    | 6 7 |  7.0

Action                   |  1- 3 |  4- 6 |  7- 9 | 10-12 || total
-------------------------+-------+-------+-------+-------++-------
Melee: Unarmed           |     1 |       |       |       ||     1
       Dagger            |    46 |    94 |       |       ||   140
       Bite              |     2 |     6 |    19 |     1 ||    28
       Rapier            |       |       |   179 |    18 ||   197
       Short sword       |       |       |    49 |       ||    49
       Punch             |       |       |     2 |       ||     2
Throw: Dart              |       |       |     5 |       ||     5
 Cast: Sandblast         |    38 |       |       |       ||    38
       Stone Arrow       |     2 |    34 |    60 |    20 ||   116
       Passwall          |     1 |       |     2 |     2 ||     5
       Blink             |       |       |     3 |     5 ||     8
Invok: Bend Time         |       |       |       |     1 ||     1
  Use: Scroll            |       |     4 |     9 |     4 ||    17
       Potion            |       |       |     9 |     4 ||    13
 Stab: Sleeping          |     6 |     6 |     7 |       ||    19
Armor: Robe              |     9 |    21 |    87 |       ||   117
       Leather armour    |       |       |       |     6 ||     6
       Swamp dragon scal |       |       |       |     1 ||     1
Dodge: Dodged            |    39 |    66 |   154 |    16 ||   275
